 Dungeon Crawl Stone Soup version 0.30-a0-778-g2ef04afb54 (webtiles) character file.

Game seed: 18017647644102621778

917 Nedwor the Chopper (level 7, -2/62 HPs)
             Began as a Minotaur Fighter on Feb 15, 2023.
             Was the Champion of Uskayaw.
             Slain by a yak (6 damage)
             ... on level 5 of the Dungeon.
             The game lasted 00:03:43 (2908 turns).

Nedwor the Chopper (Minotaur Fighter)               Turns: 2908, Time: 00:03:43

Health: -2/62      AC: 10    Str: 22    XL:     7   Next: 83%
Magic:  6/6        EV:  9    Int:  5    God:    Uskayaw [******]
Gold:   133        SH:  6    Dex: 16    Spells: 6/6 levels left

rFire   . . .      SeeInvis .    a - +0 war axe
rCold   . . .      Faith    .    c - +0 buckler
rNeg    . . .      Spirit   .    u - +0 chain mail
rPois   .          Reflect  .    (helmet restricted)
rElec   .          Harm     .    (no cloak)
rCorr   .          Rampage  .    (no gloves)
Will    .....                    (no boots) Stlth
                                 (no amulet)
HPRegen 0.30/turn                p - +6 ring of dexterity
MPRegen 0.10/turn                (no ring)

@: no status effects
A: horns 2, retaliatory headbutt
a: Renounce Religion, Stomp, Line Pass, Grand Finale


You were on level 5 of the Dungeon.
You worshipped Uskayaw.
Uskayaw was noncommittal.
You visited 1 branch of the dungeon, and saw 5 of its levels.

You collected 337 gold pieces.
You spent 204 gold pieces at shops.

Inventory:

Hand Weapons
 a - a +0 war axe (weapon)
Armour
 c - a +0 buckler (worn)
 u - a +0 chain mail (worn)
Jewellery
 e - a ring of magical power
 p - a +6 ring of dexterity (left hand)
Wands
 l - a wand of roots (7)
 q - a wand of flame (21)
Scrolls
 b - a scroll of enchant weapon
 f - 2 scrolls of fear {unknown}
 h - 5 scrolls of identify {unknown}
 i - 4 scrolls of blinking {unknown}
 k - a scroll of immolation {unknown}
 m - 2 scrolls of noise {unknown}
 n - a scroll of teleportation {unknown}
 o - 4 scrolls of enchant armour {unknown}
 v - a scroll of brand weapon
Potions
 d - a potion of might
 g - a potion of magic {unknown}
 j - 2 potions of heal wounds {unknown}
 r - 3 potions of mutation {unknown}
 s - a potion of haste {unknown}
 t - a potion of degeneration {unknown}


   Skills:
 + Level 5.7 Fighting
 * Level 6.8 Axes
 + Level 5.5 Armour
 + Level 3.6 Dodging
 + Level 5.6 Shields


You had 6 spell levels left.
You didn't know any spells.
Your spell library contained the following spells:

 Spells                   Type           Power      Damage    Failure   Level
 Dazzling Flash           Conj/Hex       0%         N/A       100%        3
 Inner Flame              Hex/Fire       0%         N/A       100%        3
 Cause Fear               Hex            0%         N/A       100%        4
 Iskenderun's Mystic Bla  Conj/Tloc      0%         2d3       100%        4
 Starburst                Conj/Fire      0%         6d3       100%        6
 Discord                  Hex            0%         N/A       100%        8


Dungeon Overview and Level Annotations

Branches:
Dungeon (5/15)             Temple (0/1) D:5

Altars:
Sif Muna
Trog
Uskayaw

Shops:
D:5 ?*


Innate Abilities, Weirdness & Mutations

You have a pair of horns on your head.
You reflexively headbutt those who attack you in melee.


Message History

You barely miss the yak. The yak gores you!
The yak gores you but does no damage. The yak completely misses you.
The yak gores you.
You barely miss the yak.
The yak is lightly wounded.
You hit the yak. The yak gores you but does no damage.
The yak closely misses you.
You hit the yak. You headbutt the yak.
The yak is moderately wounded.
You hit the yak but do no damage. You block the yak's attack.
The yak closely misses you.
You hit the yak. Your headbutt misses the yak.
The yak is moderately wounded.
You barely miss the yak. You hit the yak. The yak gores you.
You block the yak's attack. The yak gores you!
You are too injured to fight recklessly!
You are too injured to fight recklessly!
You are too injured to fight recklessly!
You are too injured to fight recklessly!
You are too injured to fight recklessly!
You are too injured to fight recklessly!
You are too injured to fight recklessly!
You are too injured to fight recklessly!
You are too injured to fight recklessly!
You are too injured to fight recklessly!
You are too injured to fight recklessly!
Unknown command.
You slash the yak! You headbutt the yak, but do no damage.
The yak is severely wounded.
You hit the yak. x2; You block the yak's attack.
The yak closely misses you. You block the yak's attack.
The yak gores you but does no damage. The yak gores you!
* * * LOW HITPOINT WARNING * * *
The yak gores you but does no damage.
You hit the yak but do no damage. You headbutt the yak!
The yak is almost dead.
You hit the yak. You slash the yak! You barely miss the yak. The yak gores you!
* * * LOW HITPOINT WARNING * * *
The yak gores you.
You die...

#...........##.##.
#............#.#..
#...#........#.#.#
###.#........#.#.#
#####.+........#'#.#
#####.....#............#
.!...$........#####..###
......Y...###.##........
......Y@..# #.##.#######
......YY))# #....#
..........# ######
.....##..... ...##
#..?#.. ##### ..
...###... #.... . .....
!.. #.... ..#.) #. #....
#..).


You could see 4 yaks.

Vanquished Creatures
  2 yaks (D:5)
  2 phantoms
  A necrophage (D:4)
  3 scorpions (D:5)
  A gnoll bouda (D:5)
  An iguana (D:5)
  2 orc wizards (D:5)
  3 gnolls (D:5)
  4 adders
  3 worms (D:2)
  2 dart slugs
  4 orcs
  4 endoplasms
  A giant cockroach (D:4)
  4 hobgoblins
  5 jackals
  3 quokkas
  3 ball pythons
  A bat (D:1)
  2 frilled lizards (D:3)
  8 goblins
  9 kobolds
68 creatures vanquished.

Vanquished Creatures (others)
  2 plants (D:1)
2 creatures vanquished.

Grand Total: 70 creatures vanquished

Notes
Turn   | Place    | Note
-------+----------+-------------------------------------------
     0 | D:1      | Nedwor the Minotaur Fighter began the quest for the Orb.
     0 | D:1      | Reached XP level 1. HP: 19/19 MP: 0/0
   224 | D:1      | Reached XP level 2. HP: 27/27 MP: 1/1
   260 | D:1      | Reached skill level 3 in Axes
   286 | D:1      | Found a faded altar of an unknown god.
   744 | D:2      | Reached XP level 3. HP: 33/33 MP: 2/2
   791 | D:2      | Reached skill level 1 in Dodging
  1324 | D:3      | Reached XP level 4. HP: 37/40 MP: 3/3
  1369 | D:3      | Found a shimmering blue altar of Sif Muna.
  1720 | D:4      | Noticed a phantom
  1732 | D:4      | Killed a phantom
  1733 | D:4      | Reached skill level 4 in Axes
  1733 | D:4      | Reached XP level 5. HP: 45/47 MP: 4/4
  2199 | D:5      | Entered Level 5 of the Dungeon
  2199 | D:5      | Noticed a phantom
  2199 | D:5      | Found Bauqoe's Magic Scroll Emporium.
  2204 | D:5      | Killed a phantom
  2205 | D:5      | Reached skill level 5 in Axes
  2205 | D:5      | Reached XP level 6. HP: 55/55 MP: 5/5
  2286 | D:5      | Reached skill level 5 in Fighting
  2333 | D:5      | Bought a scroll of enchant weapon for 90 gold pieces
  2333 | D:5      | Bought a scroll of brand weapon for 114 gold pieces
  2362 | D:5      | Found a bloodstained altar of Trog.
  2387 | D:5      | Noticed a +0 short sword
  2387 | D:5      | Noticed a +0 dagger
  2387 | D:5      | Noticed a +0 falchion
  2388 | D:5      | Noticed a +0 falchion
  2390 | D:5      | Noticed a +0 dagger
  2392 | D:5      | Noticed a +0 spear
  2399 | D:5      | Reached skill level 5 in Shields
  2399 | D:5      | Noticed a +0 spear
  2399 | D:5      | Noticed a +0 short sword
  2408 | D:5      | Found a hide-covered altar of Uskayaw.
  2423 | D:5      | Reached skill level 5 in Armour
  2426 | D:5      | Reached XP level 7. HP: 4/61 MP: 6/6
  2638 | D:5      | Became a worshipper of Uskayaw the Reveller
  2657 | D:5      | Found Lucuheam's Lightly-Used Armoury.
  2718 | D:5      | Reached * piety under Uskayaw
  2773 | D:5      | Found a staircase to the Ecumenical Temple.
  2889 | D:5      | Noticed a yak
  2890 | D:5      | Noticed a yak
  2890 | D:5      | Noticed a yak
  2893 | D:5      | Noticed a yak
  2894 | D:5      | Reached ** piety under Uskayaw
  2895 | D:5      | Reached *** piety under Uskayaw
  2896 | D:5      | Noticed a yak
  2897 | D:5      | Noticed a yak
  2897 | D:5      | Reached **** piety under Uskayaw
  2899 | D:5      | Reached skill level 6 in Axes
  2899 | D:5      | Killed a yak
  2899 | D:5      | Reached ***** piety under Uskayaw
  2901 | D:5      | Killed a yak
  2906 | D:5      | Reached ****** piety under Uskayaw
  2908 | D:5      | Slain by a yak

Illustrated notes

Levels and vault maps discovered:
D:1:      tekkud_arrival_beachfront_property, layout_loops_ring,
          basic_ecumenical_altar, serial_bayou_ford_a, grunt_decor_cap
D:2:      layout_rooms, serial_glass, glass_columns_b, glass_columns_b
D:3:      layout_rooms, lemuel_round_altar, nrook_mini_vaults
D:4:      layout_cave_pools
D:5:      layout_basic, okawaru_ov_weapons_minmay,
          mainiacjoe_overflow_surrounded_room, nicolae_uskayaw_en_pointe,
          temple_pool_b, minmay_shop_damaged, nicolae_stop_n_shop_1

Skill      XL: |  1  2  3  4  5  6  7 |
---------------+----------------------+-----
Axes           | 3 4 5 6 |  6.8
Fighting       | 4 5 |  5.7
Dodging        | 1 2 3 |  3.6
Shields        | 4 5 |  5.6
Armour         | 4 5 |  5.5

Action                     |  1- 3 |  4- 6 |  7- 9 || total
---------------------------+-------+-------+-------++-------
  Melee: War axe           |    82 |    74 |    22 ||   178
         Headbutt          |     8 |    12 |    11 ||    31
    Use: Potion            |       |     1 |       ||     1
   Stab: Paralysed         |       |       |     3 ||     3
 Armour: Scale mail        |    34 |    16 |       ||    50
         Chain mail        |       |     8 |    11 ||    19
  Dodge: Dodged            |    40 |    25 |    15 ||    80
  Block: Buckler           |    20 |    18 |    10 ||    48

Table legend: (Time is in decaauts)
 A = Elapsed time spent in this place.
 B = Non-inter-level travel time spent in this place.
 C = Inter-level travel time spent in this place.
 D = Time resting spent in this place.
 E = Time spent auto-exploring this place.
 F = Levels seen in this place.
 G = Mean time per level.
                   A        B        C        D        E       F      G
               +--------+--------+--------+--------+--------+-----+--------+
         Total |   2977 |   2866 |    111 |    190 |   2163 |   5 |  595.4 |
       Dungeon |   2977 |   2866 |    111 |    190 |   2163 |   5 |  595.4 |
               +--------+--------+--------+--------+--------+-----+--------+

Top non-repeatable levels by time:
     D:5: 725 daAuts
     D:1: 648 daAuts
     D:4: 583 daAuts
     D:2: 529 daAuts
     D:3: 489 daAuts
